 Dungeon Crawl Stone Soup version 0.32-a0-473-gd044c6f0f0 (webtiles) character file.

Game seed: 14444225733525596359

467 Sobieck the Magician (level 7, -3/59 HPs)
             Began as an Oni Fire Elementalist on Feb 25, 2024.
             Was an Initiate of Vehumet.
             Slain by a gnoll
             ... wielding a +0 flail
             ... led by a gnoll bouda
              (7 damage)
             ... on level 5 of the Dungeon.
             The game lasted 00:05:07 (4513 turns).

Sobieck the Magician (Oni Fire Elementalist)        Turns: 4513, Time: 00:05:07

Health: -3/59      AC:  3    Str: 13    XL:     7   Next: 8%
Magic:  4/14       EV:  9    Int: 18    God:    Vehumet [......]
Gold:   177        SH:  5    Dex:  9    Spells: 13/16 levels left

rFire   . . .        d - +0 short sword (flame)
rCold   . . .        (no shield)
rNeg    . . .        a - +0 robe
rPois   .            (helmet restricted)
rElec   .            (no cloak)
rCorr   .            (gloves unavailable)
SInv    .            (boots unavailable)
Will    +....        e - amulet of reflection
Stlth   +            m - ring of willpower
HPRegen 0.29/turn    (no ring)
MPRegen 0.14/turn

%: reflection
@: no status effects
A: large, unfitting armour, horns 1, tough skin 1, double potion healing,
drunken brawling
a: Renounce Religion


You were on level 5 of the Dungeon.
You worshipped Vehumet.
Vehumet was noncommittal.
You visited 1 branch of the dungeon, and saw 5 of its levels.

You collected 177 gold pieces.

Inventory:

Hand Weapons
 d - a +0 short sword of flaming (weapon)
Armour
 a - a +0 robe (worn)
Jewellery
 e - an amulet of reflection (around neck)
 f - an amulet of the acrobat
 j - a ring of ice
 k - an amulet of faith
 m - a ring of willpower (left hand)
Wands
 V - a wand of flame (26)
Scrolls
 h - 2 scrolls of amnesia
Potions
 b - a potion of magic
 c - 2 potions of cancellation
 g - 2 potions of enlightenment
 i - a potion of lignification
 n - a potion of degeneration {unknown}
 p - a potion of experience {unknown}
 s - 2 potions of brilliance
 t - a potion of resistance {unknown}
 Q - 2 potions of curing


   Skills:
 - Level 1.7 Dodging
 - Level 1.4 Stealth
 + Level 5.1 Spellcasting
 + Level 3.6 Conjurations
 + Level 4.6 Fire Magic


You had 13 spell levels left.
You knew the following spells:

 Your Spells              Type           Power      Damage    Failure   Level
a - Foxfire               Conj/Fire      76%        2x1d7     2%          1
b - Scorch                Fire           42%        2d6       3%          2

Your spell library contained the following spells:

 Spells                   Type           Power      Damage    Failure   Level
 Kiss of Death            Conj/Necr      44%        2d8       6%          1
 Inner Flame              Hex/Fire       12%        N/A       16%         3
 Volatile Blastmotes      Fire/Tloc      24%        2d12      16%         3
 Ensorcelled Hibernation  Hex/Ice        8%         N/A       21%         2
 Flame Wave               Conj/Fire      19%        2d7       24%         4
 Confusing Touch          Hex            4%         N/A       36%         3
 Gell's Gravitas          Tloc           4%         N/A       36%         3
 Ozocubu's Armour         Ice            4%         N/A       36%         3
 Passwall                 Erth           4%         N/A       36%         3
 Swiftness                Air            4%         N/A       36%         3
 Teleport Other           Tloc           4%         N/A       36%         3
 Dispel Undead            Necr           4%         3d7       78%         4
 Metabolic Englaciation   Hex/Ice        2%         N/A       98%         5
 Dispersal                Tloc           2%         N/A       100%        6
 Sculpt Simulacrum        Ice/Alch       2%         N/A       100%        6


Dungeon Overview and Level Annotations

Branches:
Dungeon (5/15)             Temple (0/1) D:5

Altars:
Ashenzari
Vehumet


Innate Abilities, Weirdness & Mutations

You are too large for most types of armour.
You have a pair of small horns on your head.
You have tough skin. (AC +1)
You gain doubled healing and magic from potions.
Whenever you drink a healing potion, you attack all around you.


Message History

Vehumet accepts your kill.
You conjure some foxfire!
The foxfire hits the gnoll bouda but does no damage.
The foxfire hits the gnoll but does no damage.
The foxfire hits the gnoll bouda.
The gnoll bouda is lightly wounded.
The foxfire hits the gnoll bouda but does no damage.
The gnoll bouda is lightly wounded.
The foxfire hits the gnoll.
The gnoll is moderately wounded.
You conjure some foxfire!
A kobold comes into view. It is wielding a +2 dagger of draining.
The gnoll bouda hits you but does no damage.
You conjure some foxfire!
The gnoll barely misses you.
The gnoll bouda hits you with a +1 whip of electrocution!
There is not enough space to conjure foxfire!
There is not enough space to conjure foxfire!
Unknown command.
You closely miss the gnoll.
The gnoll is moderately wounded.
The foxfire hits the kobold.
You kill the kobold!
Vehumet accepts your kill.
The foxfire hits the gnoll bouda.
The gnoll bouda is moderately wounded.
The gnoll hits you with a +0 flail. The gnoll bouda closely misses you.
The foxfire hits the gnoll bouda.
The gnoll bouda is heavily wounded.
You hit the gnoll bouda but do no damage.
The gnoll bouda is heavily wounded.
The gnoll barely misses you.
A kobold comes into view. It is wielding a +0 dagger.
The gnoll bouda barely misses you.
Unknown command.
Okay, then.
Casting: Foxfire (safe; 2% risk of failure)
Confirm with . or Enter, or press ? or * to list all spells.
Flames lash the gnoll.
The gnoll is severely wounded.
The gnoll's fire resistance burns away.
You hear a shout!
The gnoll hits you with a +0 flail!
* * * LOW HITPOINT WARNING * * *
The gnoll bouda hits you with a +1 whip of electrocution!
* * * LOW HITPOINT WARNING * * *
You are electrocuted!!
* * * LOW HITPOINT WARNING * * *
Unknown command.
The gnoll attacks as it pursues you! The gnoll hits you with a +0 flail!
You die...

.....#.....#.....#
.....#.....#.....#
.....#.....#.....#
.....#.....#.....#
############.....#
............#
............#
..%.........#
...........@########
............g.KK..K.
.........###Kg))....
...ß.ß.ß.. #.)......
#..⌠.⌠... +........
.ß.>.ß. #........
.⌠.⌠. #........
#........ #........


You could see a kobold brigand, a gnoll bouda, a gnoll (swift, combustible) and
3 kobolds.

Vanquished Creatures
  An ogre (D:4)
  A scorpion (D:5)
  3 bombardier beetles
  Ijyb (D:4)
  An orc wizard (D:4)
  5 gnolls
  4 adders
  A ribbon worm (D:3)
  3 dart slugs
  9 orcs
  6 ball pythons
  4 bats
  3 endoplasms
  3 giant cockroaches (D:1)
  A goblin (D:1)
  11 hobgoblins
  4 jackals
  2 quokkas (D:2)
  2 frilled lizards
  10 kobolds
  5 rats
80 creatures vanquished.

Vanquished Creatures (others)
  291 foxfires
291 creatures vanquished.

Grand Total: 371 creatures vanquished

Notes
Turn   | Place    | Note
-------+----------+-------------------------------------------
     0 | D:1      | Sobieck the Oni Fire Elementalist began the quest for the
                  | Orb.
     0 | D:1      | Reached XP level 1. HP: 16/16 MP: 3/3
   147 | D:1      | Reached skill level 1 in Conjurations
   156 | D:1      | Reached XP level 2. HP: 21/24 MP: 1/5
   371 | D:1      | Reached skill level 3 in Fire Magic
   374 | D:1      | Learned a level 2 spell: Scorch
   512 | D:1      | Reached skill level 3 in Spellcasting
   570 | D:1      | Reached XP level 3. HP: 29/31 MP: 7/7
  1750 | D:3      | Reached XP level 4. HP: 39/39 MP: 2/9
  2287 | D:3      | Found a faded altar of an unknown god.
  2414 | D:3      | Reached XP level 5. HP: 45/45 MP: 5/10
  2708 | D:3      | Reached skill level 4 in Spellcasting
  2944 | D:4      | Noticed an ogre
  2947 | D:4      | Killed an ogre
  2948 | D:4      | Reached skill level 3 in Conjurations
  2948 | D:4      | Reached XP level 6. HP: 53/53 MP: 6/12
  3120 | D:4      | Found a broken altar of Ashenzari.
  4030 | D:5      | Entered Level 5 of the Dungeon
  4046 | D:5      | Reached skill level 5 in Spellcasting
  4049 | D:5      | Noticed Ijyb
  4252 | D:4      | Killed Ijyb
  4253 | D:4      | Reached XP level 7. HP: 32/59 MP: 7/14
  4428 | D:5      | Found a radiant altar of Vehumet.
  4455 | D:5      | Became a worshipper of Vehumet
  4496 | D:5      | Found a staircase to the Ecumenical Temple.
  4513 | D:5      | Slain by a gnoll

Illustrated notes

Levels and vault maps discovered:
D:1:      minmay_arrival_three_doors, layout_loops_ring
D:2:      layout_rooms
D:3:      kennysheep_big_flooded_room, layout_rooms,
          ebering_ecumenical_altar_box
D:4:      layout_layer_cave, mainiacjoe_overflow_24_doors
D:5:      layout_gridville, kennysheep_mini_moat,
          minmay_temple_entry_statues_fountains, minivault_1, minivault_14,
          uniq_ijyb, uniq_blork_the_orc, uniq_menkaure

Skill      XL: |  1  2  3  4  5  6 |
---------------+-------------------+-----
Conjurations   | 1 2 3 |  3.6
Fire Magic     | 3 4 |  4.6
Spellcasting   | 3 4 5 |  5.1
Dodging        | |  1.7
Stealth        | |  1.4

Action                     |  1- 3 |  4- 6 |  7- 9 || total
---------------------------+-------+-------+-------++-------
  Melee: Unarmed           |    14 |       |       ||    14
         Headbutt          |    18 |     6 |       ||    24
         Short sword       |    57 |    37 |     2 ||    96
   Cast: Foxfire           |    56 |    96 |    14 ||   166
         Scorch            |       |    15 |     2 ||    17
    Use: Scroll            |       |     9 |     3 ||    12
   Stab: Sleeping          |     1 |       |       ||     1
 Armour: Robe              |    45 |    53 |     7 ||   105
  Dodge: Dodged            |    33 |    28 |     4 ||    65

Table legend: (Time is in decaauts)
 A = Elapsed time spent in this place.
 B = Non-inter-level travel time spent in this place.
 C = Inter-level travel time spent in this place.
 D = Time resting spent in this place.
 E = Time spent auto-exploring this place.
 F = Levels seen in this place.
 G = Mean time per level.
                   A        B        C        D        E       F      G
               +--------+--------+--------+--------+--------+-----+--------+
         Total |   4515 |   4280 |    235 |    322 |   3379 |   5 |  903.0 |
       Dungeon |   4515 |   4280 |    235 |    322 |   3379 |   5 |  903.0 |
               +--------+--------+--------+--------+--------+-----+--------+

Top non-repeatable levels by time:
     D:4: 1358 daAuts
     D:3: 1107 daAuts
     D:1: 1040 daAuts
     D:2: 795 daAuts
     D:5: 213 daAuts
